 Dungeon Crawl Stone Soup version 0.29.1-2-gbd0b4ee654 (webtiles) character file.

Game seed: 3277042522365829489

1297 GeoRichter the Stinger (level 8, -1/57 HPs)
             Began as a White Draconian Conjurer on Oct 26, 2022.
             Was a Believer of Qazlal.
             Slain by Grinder (2 damage)
             ... on level 6 of the Dungeon.
             The game lasted 00:13:25 (5221 turns).

GeoRichter the Stinger (White Draconian Conjurer)   Turns: 5221, Time: 00:13:25

Health: -1/57      AC:  9    Str: 16    XL:     8   Next: 31%
Magic:  15/15      EV: 12    Int: 21    God:    Qazlal [**....]
Gold:   525        SH:  3    Dex:  9    Spells: 8/17 levels left

rFire   . . .      SeeInvis .   c - +1 war axe (flame)
rCold   + . .      Faith    .   (no shield)
rNeg    + . .      Spirit   .   (body armour unavailable)
rPois   .          Reflect  .   (helmet restricted)
rElec   .          Harm     .   (no cloak)
rCorr   .          Rampage  .   (no gloves)
Will    .....                   z - +2 pair of boots
Stlth   +.........              (no amulet)
HPRegen 0.19/turn               s - +6 ring of strength
MPRegen 0.14/turn               A - ring of positive energy

@: lethally poisoned (-1 -> -11), slowed, very slow
A: breathe frost, AC +6, unfitting armour, cold resistance 1, cold-blooded
a: Breathe Frost, Renounce Religion, Upheaval


You were on level 6 of the Dungeon.
You worshipped Qazlal.
Qazlal was pleased with you.
You visited 1 branch of the dungeon, and saw 6 of its levels.

You collected 525 gold pieces.

Inventory:

Hand Weapons
 c - a +1 war axe of flaming (weapon)
   (You took it off an orc on level 3 of the Dungeon)
 C - the +8 sling "Kabepit" {flame, rN+}
   (You found it on level 6 of the Dungeon)

   Any ammunition fired from it burns those it strikes, dealing additional fire
   damage.
   rN:        It protects you from negative energy.
Missiles
 d - a throwing net {!f}
Armour
 z - a +2 pair of boots (worn)
   (You found it on level 5 of the Dungeon)
Jewellery
 s - a +6 ring of strength (left hand)
   (You found it on level 4 of the Dungeon)
 A - a ring of positive energy (right hand)
   (You found it on level 6 of the Dungeon)
 B - a +6 ring of dexterity
   (You found it on level 6 of the Dungeon)
Scrolls
 b - 2 scrolls of teleportation {unknown}
 e - 9 scrolls of identify {unknown}
 g - 2 scrolls of fear {unknown}
 i - a scroll of torment {unknown}
 p - a scroll of enchant armour {unknown}
 t - a scroll of silence {unknown}
 v - a scroll of poison {unknown}
 x - a scroll of immolation {unknown}
 y - a scroll of magic mapping {unknown}
Potions
 a - a potion of magic
 f - 4 potions of attraction {unknown}
 h - 2 potions of might {unknown}
 j - a potion of heal wounds {@q2}
 k - 6 potions of curing {unknown}
 l - a potion of flight {unknown}
 m - a potion of lignification {unknown}
 n - a potion of berserk rage {unknown}
 o - a potion of mutation {unknown}
 r - a potion of brilliance {unknown}
 u - a potion of degeneration {unknown}


   Skills:
 - Level 1.7 Dodging
 - Level 1.7 Stealth
 - Level 5.0 Spellcasting
 + Level 5.5 Conjurations
 * Level 2.8 Transmutations
 * Level 7.0 Poison Magic


You had 8 spell levels left.
You knew the following spells:

 Your Spells              Type           Power      Damage    Failure   Level
a - Magic Dart            Conj           100%       1d8       1%          1
b - Searing Ray           Conj           56%        2d6       1%          2
c - Mephitic Cloud        Conj/Pois/Air  22%        N/A       6%          3
d - Ignite Poison         Fire/Tmut/Pois 19%        N/A       9%          3

Your spell library contained the following spells:

 Spells                   Type           Power      Damage    Failure   Level
 Apportation              Tloc           10%        N/A       11%         1
 Necrotise                Necr           20%        1d5       11%         1
 Summon Small Mammal      Summ           20%        N/A       11%         1
 Dazzling Flash           Conj/Hex       32%        N/A       11%         3
 Fulminant Prism          Conj/Hex       8%         3d7       34%         4
 Iskenderun's Mystic Bla  Conj/Tloc      16%        2d5       34%         4
 Blade Hands              Tmut           8%         N/A       67%         5
 Freezing Cloud           Conj/Ice/Air   6%         6-21      80%         5
 Iron Shot                Conj/Erth      8%         9d3       99%         6
 Animate Armour           Summ/Erth      Unusable   N/A       N/A         4

Dungeon Overview and Level Annotations

Branches:
Dungeon (6/15) Zot: 26341
 Temple: D:4-7

Altars:
Qazlal
Ru
Wu Jian

Shops:
D:1 =   D:4 *   D:6 !?

Annotations:
D:6 Grinder


Innate Abilities, Weirdness & Mutations

You can breathe waves of freezing cold which knock back foes.
Your icy white scales are hard. (AC +6)
You cannot fit into any form of body armour.
Your flesh is cold resistant. (rC+)
You are cold-blooded and may be slowed by cold attacks.


Message History

You are no longer poisoned.
Grinder gestures at you. You resist with some effort. Grinder gestures at you.
You suddenly lose the ability to move!
Grinder says, "FISH!"
Grinder blinks!
You can move again.
There is a stone staircase leading down here.
The kobold brigand throws a curare-tipped dart.
The curare-tipped dart hits you.
You are poisoned.
You have difficulty breathing.
* * * LOW HITPOINT WARNING * * *
You feel as though you will be slow longer.
Grinder hits you.
* * * LOW HITPOINT WARNING * * *
You writhe in agony.
* * * LOW HITPOINT WARNING * * *
* * * LOW HITPOINT WARNING * * *
You feel very sick.
The kobold brigand throws a curare-tipped dart.
The curare-tipped dart hits you.
You are lethally poisoned!
You have difficulty breathing.
* * * LOW HITPOINT WARNING * * *
You feel as though you will be slow longer.
Grinder says, "DUCK!"
You feel much better.
* * * LOW HITPOINT WARNING * * *
You feel extremely sick. Grinder hits you.
* * * LOW HITPOINT WARNING * * *
You writhe in agony.
* * * LOW HITPOINT WARNING * * *
Grinder says, "FISH!"
Grinder hits you but does no damage.
As you read the scroll labelled GURESA ABINU, it crumbles to dust.
The scroll dissolves into smoke.
It was a scroll of fog.
* * * LOW HITPOINT WARNING * * *
You feel very sick. Grinder gestures at you. Pain shoots through your body!
* * * LOW HITPOINT WARNING * * *
* * * LOW HITPOINT WARNING * * *
You feel very sick. Grinder gestures at you.
You struggle to resist.
Grinder attacks as you move away! Grinder hits you.
You die...

### ##.## ##.##### #### #.#
##.###......5 #..#######.#
##.#.#.#####
#.8......#.########.##.# #
#..#####.....#...##.##.### #
#.<# #.#.#......#......###
#####..#####..§§§K§....)........
#.....∩..[...#§#§K.K.......#.###
#.###..#####.§§@5#...#.#.###.# #
#.##..8# #.#§####.##.#.....# #
#.##...## #.#.# #.##.####### #
#.##....# #>#.# #.##.# #
#.#####.# #.#.# #.##.# # #.# #.#
##.#.# #[##.# # #.# #.# #....#
#.##.# ####### #.# ###
############.###...... #.######
..............†.#####


You could see Grinder, a kobold brigand and a kobold.

Vanquished Creatures
  A water moccasin (D:5)
  An orc warrior (D:5)
  An ogre (D:5)
  A centaur (D:6)
  2 phantoms
  A kobold brigand (D:4)
  2 necrophages (D:5)
  A scorpion (D:5)
  6 hounds
  3 jellies
  3 orc priests
  An iguana (D:6)
  4 adders
  2 shadow imps (D:6)
  A worm (D:3)
  2 dart slugs (D:1)
  13 orcs
  5 ball pythons
  2 bats
  7 endoplasms
  3 giant cockroaches
  A goblin (D:1)
  8 hobgoblins
  14 jackals
  12 kobolds
  4 quokkas
  2 frilled lizards (D:4)
  6 rats
109 creatures vanquished.

Vanquished Creatures (others)
  An orc (D:6)
  9 plants (D:4)
10 creatures vanquished.

Grand Total: 119 creatures vanquished

Notes
Turn   | Place    | Note
-------+----------+-------------------------------------------
     0 | D:1      | GeoRichter the Draconian Conjurer began the quest for the
                  | Orb.
     0 | D:1      | Reached XP level 1. HP: 14/14 MP: 3/3
   146 | D:1      | Reached XP level 2. HP: 20/20 MP: 5/5
   182 | D:1      | Found a faded altar of an unknown god.
   266 | D:1      | Learned a level 2 spell: Searing Ray
   350 | D:1      | Reached XP level 3. HP: 23/26 MP: 6/6
   558 | D:1      | Found Elullit's Jewellery Shoppe.
   701 | D:1      | Prayed at the altar of an unknown god.
   701 | D:1      | Became a worshipper of Qazlal Stormbringer
   701 | D:1      | Reached * piety under Qazlal
  1289 | D:3      | Reached skill level 5 in Conjurations
  1310 | D:3      | Learned a level 3 spell: Mephitic Cloud
  1452 | D:3      | Reached XP level 4. HP: 33/33 MP: 2/8
  1598 | D:3      | Reached skill level 1 in Poison Magic
  1779 | D:3      | Reached ** piety under Qazlal
  2043 | D:3      | Learned a level 3 spell: Ignite Poison
  2191 | D:4      | Found Laikelil's Assorted Antiques.
  2211 | D:3      | Reached skill level 2 in Poison Magic
  2211 | D:3      | Reached XP level 5. HP: 11/38 MP: 2/9
  2993 | D:4      | Reached skill level 3 in Poison Magic
  3079 | D:4      | Noticed a phantom
  3084 | D:4      | Killed a phantom
  3085 | D:4      | Reached XP level 6. HP: 45/45 MP: 4/11
  3135 | D:4      | Reached skill level 4 in Poison Magic
  3594 | D:5      | Entered Level 5 of the Dungeon
  3758 | D:5      | Noticed a water moccasin
  3762 | D:5      | Reached skill level 5 in Poison Magic
  3762 | D:5      | Your scales start taking on an icy white colour.
  3762 | D:5      | Reached XP level 7. HP: 46/50 MP: 3/13
  3762 | D:5      | Gained mutation: Your flesh is cold resistant. (rC+) [White
                  | Draconian growth]
  4073 | D:5      | Reached skill level 6 in Poison Magic
  4222 | D:5      | Reached skill level 5 in Spellcasting
  4369 | D:5      | Found an ornate altar of the Wu Jian Council.
  4421 | D:5      | Reached skill level 1 in Transmutations
  4594 | D:6      | Reached XP level 8. HP: 57/57 MP: 2/15
  4698 | D:6      | Found Ettipah's Magic Scroll Boutique.
  4806 | D:6      | Found a sacrificial altar of Ru.
  5006 | D:6      | Identified the +8 sling "Kabepit" {flame, rN+}
  5011 | D:6      | Found Jivyk's Distillery.
  5103 | D:6      | Reached skill level 7 in Poison Magic
  5172 | D:6      | Noticed Grinder
  5180 | D:6      | Paralysed by Grinder for 3 turns
  5211 | D:6      | Paralysed by Grinder for 4 turns
  5220 | D:6      | HP: 1/57 [poisoned by a kobold brigand (curare-tipped
                  | dart)]
  5221 | D:6      | Slain by Grinder

Illustrated notes

Levels and vault maps discovered:
D:1:      minmay_arrival_nine_rooms, layout_loops_ring, serial_shops, shop,
          chequers_ecumenical_altar_island, minmay_ruptured
D:2:      layout_rooms
D:3:      layout_loops_ring
D:4:      layout_cave_pools, serial_shops, shop_coins, grunt_ministairs_9,
          lexackson_kobold_supper
D:5:      layout_loops_ring, lemuel_doored_altar
D:6:      layout_loops_ring, mainiacjoe_overflow_small_starburst, temple_hall,
          serial_shops, shop_statue, shop, kennysheep_mini, uniq_grinder

Skill      XL: |  1  2  3  4  5  6  7  8 |
---------------+-------------------------+-----
Conjurations   | 5 |  5.5
Spellcasting   | 3 4 5 |  5.0
Poison Magic   | 2 3 5 6 7 |  7.0
Transmutations | 1 2 |  2.8
Dodging        | |  1.7
Stealth        | |  1.7

Action                   |  1- 3 |  4- 6 |  7- 9 || total
-------------------------+-------+-------+-------++-------
Melee: Halberd           |     9 |       |       ||     9
       War axe           |       |    12 |    15 ||    27
       Tailslap          |       |       |     2 ||     2
 Fire: Sling             |   112 |    36 |     4 ||   152
 Cast: Magic Dart        |     3 |    41 |    37 ||    81
       Searing Ray       |     1 |     8 |    12 ||    21
 Abil: Breathe Frost     |       |       |     3 ||     3
  Use: Scroll            |       |       |     2 ||     2
       Potion            |       |       |     2 ||     2
Armor: Skin              |    31 |    10 |    11 ||    52
Dodge: Dodged            |    64 |    31 |    21 ||   116
Block: Other             |     2 |     4 |    11 ||    17
